 Dungeon Crawl Stone Soup version 0.27-a0-416-gca2cecf3c0 (webtiles) character file.

Game seed: 15067273704534785799

54717 HilariousDeathArtist the Fighter (level 14, 0/129 HPs)
             Began as a Minotaur Ice Elementalist on Feb 24, 2021.
             Was a High Priest of Sif Muna.
             Slain by a polar bear (16 damage)
             ... on level 6 of the Lair of Beasts.
             The game lasted 00:23:01 (21212 turns).

HilariousDeathArtist the Fighter (MiIE)            Turns: 21212, Time: 00:23:02

Health: 0/129      AC: 15    Str: 21    XL:     14   Next: 35%
Magic:  22/22      EV: 16    Int: 16    God:    Sif Muna [*****.]
Gold:   940        SH:  0    Dex: 13    Spells: 16/25 levels left

rFire    . . .     SeeInvis .   b - +0 broad axe (flame)
rCold    + . .     Faith    .   (no shield)
rNeg     . . .     Spirit   .   B - +3 swamp dragon scales
rPois    +         Reflect  .   (helmet restricted)
rElec    +         Harm     .   J - +0 cloak {Stlth+}
rCorr    .         Rampage  .   I - +1 pair of gloves of Hepliaklqana's Hatred {Str+3}
Will     +....                  f - +1 pair of boots
Stlth    +.........             V - amulet "Koneemm" {rElec Regen+ Slay+3}
HPRegen  1.31/turn              C - ring of protection from cold {rC+, !d}
MPRegen  0.18/turn              z - +6 ring of strength

@: lethally poisoned (0 -> 0)
A: retaliatory headbutt, horns 2
a: Renounce Religion, Channel Magic, Forget Spell, Divine Exegesis


You were on level 6 of the Lair of Beasts.
You worshipped Sif Muna.
Sif Muna was extremely pleased with you.
You visited 2 branches of the dungeon, and saw 19 of its levels.

You collected 1562 gold pieces.
You spent 622 gold pieces at shops.

Inventory:

Hand Weapons
 b - a +0 broad axe of flaming (weapon)
   (You took it off Maggie on level 6 of the Dungeon)
Missiles
 a - 5 curare-tipped darts
Armour
 f - a +1 pair of boots (worn)
   (You found it on level 1 of the Dungeon)
 s - the +3 ring mail of Fun and Games {Rampage rC+++ Int-2 Slay-6}
   (You found it on level 6 of the Lair of Beasts)

   It affects your intelligence (-2).
   It affects your accuracy and damage with ranged weapons and melee attacks
   (-6).
   It renders you almost immune to cold.
   It bestows one free step when moving towards enemies.
 B - +3 swamp dragon scales (worn)
   (You took it off Maggie on level 6 of the Dungeon)
 H - a +2 ring mail of cold resistance
   (You took it off Duvessa on level 6 of the Dungeon)
 I - the +1 pair of gloves of Hepliaklqana's Hatred (worn) {Str+3}
   (You found it on level 6 of the Dungeon)

   It affects your strength (+3).
 J - a +0 cloak of stealth (worn)
   (You took it off Crazy Yiuf on level 7 of the Dungeon)
 Z - the +4 leather armour of Bedevilment {rC++ rN+ Dex-4}
   (You found it on level 13 of the Dungeon)

   It affects your dexterity (-4).
   It greatly protects you from cold.
   It protects you from negative energy.
Magical Staves
 U - a staff of conjuration {!a}
   (You found it on level 10 of the Dungeon)
 W - a staff of air {rElec}
   (You found it on level 3 of the Lair of Beasts)
Jewellery
 c - a ring of protection from cold {rC+, !d}
   (You found it on level 8 of the Dungeon)
 v - a ring of flight {+Fly, !d}
   (You found it on level 7 of the Dungeon)
 z - a +6 ring of strength (right hand)
   (You found it on level 8 of the Dungeon)
 C - a ring of protection from cold (left hand) {rC+, !d}
   (You found it on level 1 of the Dungeon)
 D - an amulet of the acrobat
   (You took it off a centaur on level 11 of the Dungeon)
 N - a ring of resist corrosion
   (You found it on level 11 of the Dungeon)
 V - the amulet "Koneemm" (around neck) {rElec Regen+ Slay+3}
   (You bought it in a shop on level 5 of the Dungeon)

   [amulet of regeneration]

   It affects your accuracy and damage with ranged weapons and melee attacks
   (+3).
   It insulates you from electricity.
   It increases your rate of regeneration.
Wands
 l - a wand of iceblast (11)
   (You found it on level 5 of the Dungeon)
 m - a wand of mindburst (14)
   (You took it off a gnoll on level 5 of the Dungeon)
 x - a wand of charming (17)
   (You took it off Maggie on level 6 of the Dungeon)
 y - a wand of flame (44)
   (You found it on level 4 of the Dungeon)
 E - a wand of random effects (25)
   (You took it off Dowan on level 6 of the Dungeon)
 K - a wand of paralysis (13)
   (You found it on level 7 of the Dungeon)
 S - a wand of acid (2)
   (You took it off an orc on level 9 of the Dungeon)
 Y - a wand of polymorph (13)
   (You found it on level 12 of the Dungeon)
Scrolls
 g - 15 scrolls of teleportation
 i - 3 scrolls of random uselessness
 k - 5 scrolls of amnesia
 o - 2 scrolls of magic mapping {!r}
 p - 7 scrolls of identify
 q - 3 scrolls of blinking {!r}
 t - 2 scrolls of immolation {!r}
 M - 3 scrolls of fog
 O - 2 scrolls of vulnerability {!r!r}
 Q - a scroll of brand weapon
 T - a scroll of fear
Potions
 d - 9 potions of heal wounds
 e - a potion of cancellation
 h - 2 potions of degeneration {!q}
 j - 9 potions of curing
 n - 3 potions of resistance
 r - 4 potions of might
 u - 2 potions of ambrosia
 w - 4 potions of haste
 G - a potion of mutation {!q}
 L - 4 potions of lignification {!q}
 P - 3 potions of brilliance
Miscellaneous
 R - a phial of floods
   (You found it on level 2 of the Lair of Beasts)
 X - a box of beasts
   (You found it on level 12 of the Dungeon)


   Skills:
 + Level 13.4 Fighting
 + Level 9.0 Axes
 + Level 10.6 Dodging
 - Level 1.5 Stealth
 - Level 6.0 Spellcasting
 + Level 8.5 Ice Magic
 * Level 12.9 Evocations


You had 16 spell levels left.
You knew the following spells:

 Your Spells              Type           Power        Failure   Level
a - Ozocubu's Armour      Ice            32%          1%          3
b - Blink                 Tloc           N/A          34%         2
z - Frozen Ramparts       Ice            64%          1%          3
A - Freeze                Ice            100%         1%          1

Your spell library contained the following spells:

 Spells                   Type           Power        Failure   Level
 Magic Dart               Conj           16%          22%         1
 Sandblast                Erth           8%           22%         1
 Shock                    Conj/Air       16%          22%         1
 Sting                    Tmut/Pois      16%          22%         1
 Summon Small Mammal      Summ           16%          22%         1
 Call Imp                 Summ           4%           34%         2
 Passwall                 Tmut/Erth      3%           34%         2
 Poisonous Vapours        Pois/Air       8%           34%         2
 Searing Ray              Conj           8%           34%         2
 Swiftness                Air            4%           34%         2
 Hailstorm                Conj/Ice       18%          36%         4
 Summon Ice Beast         Ice/Summ       18%          36%         4
 Call Canine Familiar     Summ           4%           56%         3
 Dazzling Flash           Conj/Hex       8%           56%         3
 Gell's Gravitas          Tloc           2%           56%         3
 Ignite Poison            Fire/Tmut/Pois 4%           56%         3
 Lesser Beckoning         Tloc           2%           56%         3
 Mephitic Cloud           Conj/Pois/Air  4%           56%         3
 Static Discharge         Conj/Air       4%           56%         3
 Stone Arrow              Conj/Erth      8%           56%         3
 Summon Guardian Golem    Hex/Summ       4%           56%         3
 Teleport Other           Tloc           4%           56%         3
 Airstrike                Air            2%           92%         4
 Animate Dead             Necr           2%           92%         4
 Cause Fear               Hex            2%           92%         4
 Fulminant Prism          Conj/Hex       2%           92%         4
 Iskenderun's Mystic Bla  Conj/Tloc      4%           92%         4
 Manifold Assault         Tloc           4%           92%         4
 Olgreb's Toxic Radiance  Pois           4%           92%         4
 Petrify                  Tmut/Erth      4%           92%         4
 Summon Lightning Spire   Summ/Air       4%           92%         4
 Borgnjor's Vile Clutch   Necr/Erth      2%           99%         5
 Fireball                 Conj/Fire      2%           99%         5
 Lee's Rapid Deconstruct  Erth           2%           99%         5
 Lightning Bolt           Conj/Air       2%           99%         5
 Silence                  Hex/Air        2%           99%         5
 Summon Forest            Summ/Tloc      2%           99%         5
 Summon Mana Viper        Hex/Summ       4%           99%         5
 Yara's Violent Unravell  Hex/Tmut       2%           99%         5
 Dispersal                Tloc           2%           100%        6
 Shadow Creatures         Summ           N/A          100%        6
 Starburst                Conj/Fire      2%           100%        6
 Summon Hydra             Summ           2%           100%        7
 Discord                  Hex            2%           100%        8
 Ignition                 Fire           2%           100%        8


Dungeon Overview and Level Annotations

Branches:
Dungeon (13/15)            Temple (0/1) D:5            Lair (6/6) D:10
 Shoals (0/4) Lair:2        Snake (0/4) Lair:2          Orc (0/2) D:10
  Slime: Lair:5-6    Vaults: D:13-14

Altars:
Ashenzari
Kikubaaqudgha
Nemelex Xobeh
Okawaru
Qazlal
Ru
Sif Muna
Trog
Vehumet
Wu Jian
Xom
Zin
The Shining One
Beogh

Shops:
D:5 =   D:9 (   D:11 (   D:13 :

Annotations:
D:9 3 runed translucent doors, tinescath's ghost, novice DrFE
D:10 2 runed translucent doors, tzalcoatl's ghost, journeyman HOGl
D:13 exclusion: 2 vault guards


Innate Abilities, Weirdness & Mutations

You reflexively headbutt those who attack you in melee.
You have a pair of horns on your head.


Message History

Your headbutt misses the black mamba.
You hit the hell hound but do no damage.
You hear an angry growl. x3
The black mamba misses you. The hell hound breathes flames at you.
The blast of flame hits you!! The black mamba closely misses you.
You furiously retaliate!
You headbutt the black mamba!
The hell hound bites you but does no damage.
You take 20 damage, and have 53/129 hp.
You barely miss the black mamba. You slash the hell hound!
You kill the hell hound!
Sif Muna accepts your kill. The black mamba misses you.
The black mamba bites you.
You are poisoned.
The black mamba poisons you!
The black mamba bites you but does no damage.
You slice the black mamba!! You burn the black mamba!
You kill the black mamba!
Sif Muna accepts your kill.
You feel sick.
You take 1 damage, and have 53/129 hp. 2 polar bears come into view.
You feel sick.
The polar bear growls angrily. x2
A hell hound comes into view.
The polar bear moves out of view.
Things that are here:
a raiju corpse; a black bear corpse The hell hound barks!
You slice the black bear!! You burn the black bear!
You kill the black bear!
Sif Muna accepts your kill.
You feel sick.
You feel sick.
You see here a black bear corpse.
You feel sick.
You see here a hell hound corpse.
You feel sick.
You feel sick.
You feel sick. The hell hound misses you. The hell hound closely misses you.
You feel sick.
You miss the hell hound. The hell hound misses you.
The hell hound bites you but does no damage.
You closely miss the hell hound.
You feel sick. The hell hound breathes flames at you.
The blast of flame misses you.
The hell hound bites you but does no damage.
The polar bear bites you. The polar bear completely misses you.
The polar bear claws you but does no damage.
You take 3 damage, and have 54/129 hp.
You slice the hell hound!!
You headbutt the hell hound, but do no damage.
You slash the polar bear! You burn the polar bear.
You feel sick. The hell hound bites you.
You take 5 damage, and have 49/129 hp.
You slash the hell hound!
You kill the hell hound!
Sif Muna accepts your kill.
You slash the polar bear! You burn the polar bear.
You barely miss the polar bear. The polar bear bites you.
The polar bear barely misses you. The polar bear misses you.
The polar bear closely misses you. You furiously retaliate!
You headbutt the polar bear!
The polar bear claws you but does no damage.
The polar bear closely misses you.
You take 4 damage, and have 45/129 hp.
You feel sick.
The polar bear bites you but does no damage.
The polar bear claws you but does no damage. x2
The polar bear barely misses you. You furiously retaliate!
You headbutt the polar bear, but do no damage.
The polar bear claws you but does no damage. x2
You see here a hell hound corpse.
You slash the polar bear! You burn the polar bear.
You barely miss the polar bear.
The polar bear bites you but does no damage.
The polar bear claws you but does no damage. x2
The polar bear goes berserk!
You regained 2 hp, and now have 47/129 hp.
You barely miss the polar bear. You headbutt the polar bear.
You kill the polar bear!
Sif Muna accepts your kill.
You slash the polar bear! You burn the polar bear.
You feel sick. The polar bear bites you!
* * * LOW HITPOINT WARNING * * *
The polar bear claws you but does no damage.
The polar bear closely misses you.
You take 13 damage, and have 34/129 hp.
You slash the polar bear! You burn the polar bear!
The polar bear goes berserk!
You barely miss the polar bear.
You feel sick. The polar bear closely misses you. The polar bear misses you.
The polar bear claws you but does no damage.
The polar bear bites you!!
* * * LOW HITPOINT WARNING * * *
The polar bear misses you.
The polar bear claws you but does no damage.
You take 21 damage, and have 14/129 hp.
You barely miss the polar bear. The polar bear bites you!
You die...

..........# .........P#
#.......P## ##......##
#...P...#### ##### #
##.....#...########
#P#..#.#
##....#.....#.#.#.##P#.../#
#..P#....(†...h..#.#....###
#######...#....@..†#.......
####.#...#..††# ##
#######†.##..[.# .### #..#
###.... .P.# ....# .. ...#
....## ...# .....## ...#
.#.## ...# ##


You could see a polar bear (berserk).

Vanquished Creatures
  Snorg (D:13)
  2 hydras
  A boulder beetle (Lair:6)
  6 death yaks
  2 two-headed ogres
  A death knight (D:12)
  Sonja (Lair:4)
  A skeletal warrior (D:12)
  An unseen horror (D:11)
  Pikel (D:8)
  An oklob plant (Lair:6)
  3 ugly things
  A cyclops (D:11)
  A manticore (D:11)
  12 elephants (Lair:3)
  8 black mambas
  A gargoyle (D:13)
  Maggie (D:6)
  10 cane toads
  2 rime drakes
  7 komodo dragons
  4 trolls
  2 polar bears
  Prince Ribbit (D:7)
  2 hornets
  6 slime creatures (D:13)
  12 blink frogs
  6 dream sheep (Lair:6)
  A raiju (Lair:6)
  A snapping turtle (Lair:2)
  A wraith (D:13)
  5 wyverns
  6 basilisks
  64 yaks
  2 steam dragons
  A vampire mosquito (D:12)
  2 wargs (Lair:6)
  4 nagas (Lair:2)
  A soldier ant (D:13)
  9 water moccasins
  Duvessa (D:6)
  5 hell hounds (Lair:6)
  A sky beast (D:11)
  4 orc warriors
  9 black bears
  4 ice beasts
  15 centaurs
  15 wolves
  6 ogres
  3 phantoms
  2 kobold brigands
  10 bullfrogs
  Dowan (D:6)
  5 scorpions
  3 killer bees (D:8)
  12 wights
  An electric eel (D:13)
  A howler monkey (D:5)
  2 centaur zombies
  2 bullfrog zombies
  7 hounds
  2 quasits
  7 orc priests
  2 bullfrog skeletons
  5 jellies
  Crazy Yiuf (D:7)
  3 centaur skeletons
  3 iguanas
  3 orc wizards
  7 worker ants
  A hound zombie (D:7)
  A hound skeleton (D:8)
  A worker ant zombie (D:6)
  8 gnolls
  10 adders
  A shadow imp (D:9)
  2 ufetubi
  2 adder zombies
  An adder skeleton (D:9)
  A worm (D:4)
  A leopard gecko (D:1)
  37 orcs
  A ball python (D:3)
  4 giant cockroaches
  3 goblins
  5 hobgoblins
  7 jackals (D:7)
  A quokka (D:12)
  7 bats
  3 frilled lizards
  18 kobolds
  A quokka zombie (D:5)
  7 rats
459 creatures vanquished.

Vanquished Creatures (collateral kills)
  A phantasmal warrior (D:12)
  3 elephants (Lair:3)
  A wyvern (D:12)
  A wraith (D:12)
  2 vampire mosquitoes (D:12)
  An orc (D:9)
9 creatures vanquished.

Vanquished Creatures (others)
  A wizard (D:13)
  15 fungi
  40 plants
56 creatures vanquished.

Grand Total: 524 creatures vanquished

Notes
Turn   | Place    | Note
-------+----------+-------------------------------------------
     0 | D:1      | HilariousDeathArtist the Minotaur Ice Elementalist began
                  | the quest for the Orb.
     0 | D:1      | Reached XP level 1. HP: 14/14 MP: 1/1
    48 | D:1      | Reached skill level 1 in Fighting
   287 | D:1      | Reached skill level 2 in Fighting
   287 | D:1      | Reached XP level 2. HP: 10/24 MP: 3/3
  1274 | D:2      | Reached skill level 3 in Fighting
  1297 | D:2      | Reached XP level 3. HP: 25/31 MP: 4/4
  1542 | D:2      | Learned a level 3 spell: Frozen Ramparts
  1569 | D:2      | Found a shimmering blue altar of Sif Muna.
  1828 | D:2      | Became a worshipper of Sif Muna the Loreminder
  1974 | D:3      | Reached skill level 3 in Ice Magic
  2177 | D:3      | Found an ancient bone altar of Kikubaaqudgha.
  2270 | D:3      | Found a faded altar of an unknown god.
  2450 | D:4      | Reached skill level 4 in Fighting
  2450 | D:4      | Reached XP level 4. HP: 32/40 MP: 5/5
  2469 | D:4      | HP: 9/40 [iguana (9)]
  2772 | D:4      | Reached XP level 5. HP: 34/47 MP: 6/6
  2969 | D:4      | Noticed a phantom
  2997 | D:4      | Killed a phantom
  2998 | D:4      | Reached skill level 5 in Fighting
  3539 | D:4      | Reached XP level 6. HP: 39/57 MP: 7/7
  3822 | D:4      | Reached skill level 6 in Fighting
  4169 | D:5      | Entered Level 5 of the Dungeon
  4342 | D:5      | Reached skill level 7 in Fighting
  4681 | D:5      | HP: 22/90 [poisoned by a worker ant]
  4686 | D:5      | HP: 15/61 [poisoned by a worker ant]
  4692 | D:5      | HP: 15/61 [poisoned by a worker ant]
  5222 | D:5      | Found an ornate altar of the Wu Jian Council.
  5260 | D:5      | Reached XP level 7. HP: 57/67 MP: 8/8
  5275 | D:5      | Reached skill level 8 in Fighting
  5622 | D:5      | Found Hofiv's Jewellery Shoppe.
  5729 | D:5      | Found a staircase to the Ecumenical Temple.
  5949 | D:6      | Reached skill level 1 in Evocations
  6103 | D:6      | Reached skill level 2 in Evocations
  6487 | D:6      | Reached skill level 3 in Evocations
  6504 | D:6      | HP: 16/66 [wight/+0 hand axe (2)]
  7013 | D:6      | Noticed Maggie
  7019 | D:6      | Killed Maggie
  7020 | D:6      | Reached skill level 5 in Evocations
  7020 | D:6      | Reached XP level 8. HP: 74/74 MP: 9/9
  7265 | D:6      | Noticed Dowan
  7268 | D:6      | Noticed Duvessa
  7279 | D:6      | Killed Duvessa
  7280 | D:6      | Reached skill level 6 in Evocations
  7283 | D:6      | Killed Dowan
  7283 | D:6      | Reached * piety under Sif Muna
  7292 | D:6      | Identified a pair of encrusted gloves
  7616 | D:7      | Reached skill level 7 in Evocations
  7711 | D:7      | Noticed Prince Ribbit
  7742 | D:7      | Killed Prince Ribbit
  7899 | D:7      | Reached skill level 8 in Evocations
  7933 | D:7      | Found a broken altar of Ashenzari.
  7998 | D:7      | Reached XP level 9. HP: 80/81 MP: 8/10
  7999 | D:7      | Reached skill level 4 in Ice Magic
  8042 | D:7      | Found a runed translucent door.
  8043 | D:7      | Noticed Crazy Yiuf
  8049 | D:7      | Killed Crazy Yiuf
  8280 | D:8      | Noticed Pikel
  8293 | D:8      | Killed Pikel
  8294 | D:8      | Reached skill level 3 in Dodging
  8294 | D:8      | Reached skill level 2 in Spellcasting
  8988 | D:8      | Found a sparkling altar of Nemelex Xobeh.
  9244 | D:9      | Found a runed translucent gate.
  9245 | D:9      | Noticed tinescath's ghost (novice DrFE)
  9245 | D:9      | Found a runed translucent gate.
  9246 | D:9      | Found a roughly hewn altar of Beogh.
  9246 | D:9      | Found a runed translucent gate.
  9267 | D:9      | Reached ** piety under Sif Muna
  9278 | D:9      | HP: 13/82 [orc priest/divine providence (9)]
  9282 | D:9      | Reached skill level 4 in Dodging
  9287 | D:9      | Reached skill level 9 in Fighting
  9903 | D:9      | Reached XP level 10. HP: 41/91 MP: 8/13
  9909 | D:9      | Reached skill level 3 in Spellcasting
  9913 | D:9      | Reached skill level 5 in Ice Magic
 10256 | D:9      | Found a glowing golden altar of the Shining One.
 10259 | D:9      | Found a radiant altar of Vehumet.
 10259 | D:9      | Found an iron altar of Okawaru.
 10259 | D:9      | Found a stormy altar of Qazlal.
 10263 | D:9      | Found a glowing silver altar of Zin.
 10264 | D:9      | Found a sacrificial altar of Ru.
 10370 | D:9      | Found Qiusous's Antique Weapon Boutique.
 10588 | D:9      | Reached skill level 5 in Dodging
 10817 | D:10     | Entered Level 10 of the Dungeon
 10820 | D:10     | Found a runed translucent door.
 10825 | D:10     | Noticed a deep troll
 10828 | D:10     | Noticed a war gargoyle
 10828 | D:10     | Noticed a necromancer
 10828 | D:10     | Noticed a skeletal warrior
 10829 | D:10     | Noticed a lich
 10830 | D:10     | Noticed tzalcoatl's ghost (journeyman HOGl)
 10830 | D:10     | Noticed a two-headed ogre
 10846 | D:10     | HP: 16/91 [two-headed ogre/+0 giant spiked club (21)]
 10849 | D:10     | Killed a two-headed ogre
 10850 | D:10     | Reached skill level 9 in Evocations
 11261 | D:10     | Found a runed translucent door.
 11332 | D:10     | Found a staircase to the Orcish Mines.
 11479 | D:10     | Found a staircase to the Lair.
 11480 | D:10     | Noticed a death yak
 11481 | D:10     | Noticed a death yak
 11485 | D:10     | Noticed a death yak
 11509 | D:10     | Killed a death yak
 11509 | D:10     | Killed a death yak
 11509 | D:10     | Killed a death yak
 11510 | D:10     | Reached skill level 10 in Fighting
 11510 | D:10     | Reached skill level 6 in Dodging
 11510 | D:10     | Reached skill level 4 in Spellcasting
 11681 | D:10     | Found a shimmering altar of Xom.
 11802 | D:10     | Reached XP level 11. HP: 96/101 MP: 14/16
 11929 | D:10     | HP: 23/101 [yak (4)]
 11931 | D:10     | HP: 8/101 [yak (6)]
 12588 | D:5      | Bought the amulet "Koneemm" {rElec Regen+ Slay+3} for 622
                  | gold pieces
 12721 | D:11     | Reached skill level 6 in Ice Magic
 12730 | D:11     | Noticed a two-headed ogre
 12736 | D:10     | Reached *** piety under Sif Muna
 12896 | D:11     | Reached skill level 1 in Axes
 12917 | D:11     | Noticed a red ugly thing
 13007 | D:11     | Reached skill level 7 in Dodging
 13013 | D:11     | Killed a two-headed ogre
 13014 | D:11     | Reached skill level 2 in Axes
 13025 | D:11     | Killed an unseen horror
 13088 | D:11     | HP: 23/101 [steam dragon/ball of steam (17)]
 13093 | D:11     | HP: 20/101 [steam dragon] (8)]
 13250 | D:11     | Reached skill level 11 in Fighting
 13402 | D:11     | Reached skill level 3 in Axes
 13402 | D:11     | Reached skill level 10 in Evocations
 13490 | D:11     | Reached **** piety under Sif Muna
 13498 | D:11     | HP: 24/102 [red ugly thing (18)]
 13499 | D:11     | HP: 6/102 [red ugly thing (16)]
 13501 | D:11     | Killed a red ugly thing
 13614 | D:11     | Found Liugius's Weapon Boutique.
 13991 | D:12     | Reached skill level 4 in Axes
 13991 | D:12     | Reached skill level 5 in Spellcasting
 14001 | D:12     | Identified a masterwork mace
 14110 | D:12     | Paralysed by a hornet for 3 turns
 14134 | D:12     | Reached XP level 12. HP: 52/110 MP: 18/18
 14144 | D:12     | Reached skill level 8 in Dodging
 14152 | D:12     | Learned a level 3 spell: Ozocubu's Armour
 14363 | D:12     | Noticed a death knight
 14395 | D:12     | Killed a death knight
 14402 | D:12     | HP: 23/110 [skeletal warrior/+0 trident[a death knight]
                  | (12)]
 14531 | D:12     | Reached ***** piety under Sif Muna
 14531 | D:12     | Received a gift from Sif Muna
 14560 | D:12     | Reached skill level 5 in Axes
 14994 | D:13     | Reached skill level 7 in Ice Magic
 15091 | D:13     | Noticed a seven-headed hydra
 15099 | D:13     | Killed a four-headed hydra
 15293 | D:13     | Found a bloodstained altar of Trog.
 15298 | D:13     | Identified a translucent tin amulet
 15410 | D:13     | Identified an amethyst-encrusted leather armour
 15428 | D:13     | Noticed a vault guard
 15651 | D:13     | Noticed Snorg
 15672 | D:13     | HP: 39/168 [Snorg (7)]
 15673 | D:13     | HP: 17/168 [Snorg (8)]
 15674 | D:13     | HP: 6/168 [Snorg (11)]
 15675 | D:13     | Killed Snorg
 15676 | D:13     | Reached skill level 11 in Evocations
 15780 | D:13     | Found Byezudec's Book Emporium.
 15963 | D:13     | Reached skill level 12 in Fighting
 16089 | D:13     | Noticed a vault guard
 16344 | Lair:1   | Entered Level 1 of the Lair of Beasts
 16428 | Lair:1   | Reached skill level 6 in Axes
 16458 | Lair:1   | HP: 23/112 [cane toad (6)]
 16463 | Lair:1   | HP: 17/112 [poisoned by a cane toad]
 16468 | Lair:1   | HP: 15/112 [poisoned by a cane toad]
 16473 | Lair:1   | HP: 14/112 [poisoned by a cane toad]
 16478 | Lair:1   | HP: 17/112 [poisoned by a cane toad]
 16483 | Lair:1   | HP: 20/112 [poisoned by a cane toad]
 16489 | Lair:1   | HP: 25/112 [poisoned by a cane toad]
 16788 | Lair:1   | Found a shimmering blue altar of Sif Muna.
 16819 | Lair:1   | Reached skill level 9 in Dodging
 16926 | Lair:2   | Found a staircase to the Snake Pit.
 17213 | Lair:2   | Reached XP level 13. HP: 116/118 MP: 20/20
 17400 | Lair:2   | Found a staircase to the Shoals.
 17750 | Lair:3   | Reached skill level 6 in Spellcasting
 17870 | Lair:3   | HP: 29/119 [elephant (7)]
 17870 | Lair:3   | Identified Sif Muna's Catalogue of Spatial Dark Secrets
                  | (Sif Muna gifted it to you on level 3 of the Lair of
                  | Beasts)
 17870 | Lair:3   | Received a gift from Sif Muna
 17871 | Lair:3   | Reached skill level 7 in Axes
 18133 | Lair:3   | Reached skill level 12 in Evocations
 18343 | Lair:3   | Reached skill level 8 in Ice Magic
 18343 | Lair:3   | HP: 21/119 [death yak (20)]
 18344 | Lair:3   | HP: 10/119 [death yak (10)]
 18409 | Lair:3   | Reached skill level 10 in Dodging
 18853 | Lair:4   | Noticed Sonja
 18859 | Lair:4   | Killed Sonja
 18860 | Lair:4   | Reached skill level 8 in Axes
 19026 | Lair:4   | Reached skill level 13 in Fighting
 19593 | Lair:4   | Learned a level 2 spell: Blink
 20263 | Lair:6   | Entered Level 6 of the Lair of Beasts
 20336 | Lair:6   | Reached XP level 14. HP: 128/129 MP: 22/22
 20667 | Lair:6   | HP: 17/129 [komodo dragon (27)]
 20670 | Lair:6   | Received a gift from Sif Muna
 21039 | Lair:6   | Identified a heavily runed ring mail
 21179 | Lair:6   | Reached skill level 9 in Axes
 21211 | Lair:6   | HP: 14/129 [polar bear (22)]
 21212 | Lair:6   | Slain by a polar bear

Illustrated notes

Levels and vault maps discovered:
D:1:      dpeg_arrival_boxorama, layout_loops_ring
D:2:      layout_loops_cross, overflow_temple_1_default
D:3:      layout_rooms, kiku_gazebo_pond_becter,
          chequers_ecumenical_altar_twisty
D:4:      layout_basic, serial_bayou_pond_a
D:5:      layout_gridville, nzn_wu_jian_contemplation,
          minmay_temple_entry_fiery, serial_shops, nicolae_shop_stone,
          chequers_serial_rivers_micro_d, minmay_misc_feat_cross
D:6:      layout_loops_ring, uniq_duvessa, uniq_maggie
D:7:      layout_rooms, ashenzari_altar_1, uniq_prince_ribbit1,
          uniq_crazy_yiuf_cottage
D:8:      layout_loops_ring, nemelex_xobeh_ov_fountains_minmay, uniq_pikel
D:9:      layout_basic, grunt_temple_overflow_open, biasface_ghost_orc_armoury,
          serial_shops, kennysheep_little_box
D:10:     layout_stronghold, dpeg_lair_monsters, orc_0_dummy,
          muffindrake_ghost_dual_entry, xom_teletrap_fun
D:11:     layout_irregular_city, serial_shops, shop
D:12:     layout_long_grid
D:13:     layout_basic, grunt_vaults_entry_fortified, serial_shops,
          nicolae_shop_behind_doors, nrook_pool_corridor,
          hangedman_abyss_or_decor_clamps, hangedman_decor_peaks_small,
          trog_wizard, uniq_snorg
Lair:1:   layout_cave_shapes, minivault_27, lemuel_centaur_altar
Lair:2:   layout_gridlike, minmay_shoals_entry_hut,
          minmay_snake_entry_guardpost_small
Lair:3:   layout_hall_layers
Lair:4:   layout_regular_city, serial_bayou_crossing, uniq_sonja
Lair:5:   layout_loops_ring, chequers_serial_rivers_micro_e
Lair:6:   hangedman_lair_caniforms_friends, layout_cave_pods, slime_dummy,
          kennysheep_basilisk_garden

Skill      XL: |  1  2  3  4  5  6  7  8  9 10 11 12 13 14 |
---------------+-------------------------------------------+-----
Fighting       | 2 3 4 5 7 8 9 10 11 12 13 | 13.4
Ice Magic      | 3 4 5 6 7 8 |  8.5
Evocations     | 5 8 9 10 11 12 | 12.9
Dodging        | 4 6 7 9 10 | 10.6
Spellcasting   | 2 4 5 6 |  6.0
Axes           | 4 6 8 9 |  9.0
Stealth        | |  1.5

Action                   |  1- 3 |  4- 6 |  7- 9 | 10-12 | 13-15 || total
-------------------------+-------+-------+-------+-------+-------++-------
Melee: Spear             |   103 |   179 |    92 |       |       ||   374
       Headbutt          |     9 |    21 |    53 |   115 |   119 ||   317
       Long sword        |       |       |   195 |   197 |       ||   392
       Broad axe         |       |       |       |   298 |   416 ||   714
 Cast: Ozocubu's Armour  |       |       |       |     2 |     2 ||     4
Evoke: Wand              |       |       |    15 |    31 |     4 ||    50
       Box of beasts     |       |       |       |     1 |     2 ||     3
  Use: Scroll            |     1 |    14 |       |    10 |       ||    25
       Potion            |       |     5 |     2 |     5 |       ||    12
 Stab: Sleeping          |     5 |     1 |     1 |       |       ||     7
       Distracted        |       |       |     1 |     1 |       ||     2
       Petrified         |       |       |     4 |       |       ||     4
       Confused          |       |       |       |     1 |       ||     1
Armor: Robe              |    18 |       |       |       |       ||    18
       Chain mail        |    23 |    65 |       |       |       ||    88
       Leather armour    |       |    18 |    24 |       |       ||    42
       Swamp dragon scal |       |       |   124 |   303 |   299 ||   726
Dodge: Dodged            |    32 |    60 |   175 |   508 |   553 ||  1328
       Rpst.: Long sword |       |       |    46 |    56 |       ||   102

Table legend: (Time is in decaauts)
 A = Elapsed time spent in this place.
 B = Non-inter-level travel time spent in this place.
 C = Inter-level travel time spent in this place.
 D = Time resting spent in this place.
 E = Time spent auto-exploring this place.
 F = Levels seen in this place.
 G = Mean time per level.
                   A        B        C        D        E       F      G
               +--------+--------+--------+--------+--------+-----+--------+
         Total |  21613 |  20700 |    913 |   5290 |  11833 |  19 | 1137.5 |
       Dungeon |  16635 |  15806 |    829 |   4562 |   8735 |  13 | 1279.6 |
          Lair |   4978 |   4894 |     84 |    728 |   3098 |   6 |  829.7 |
               +--------+--------+--------+--------+--------+-----+--------+

Top non-repeatable levels by time:
     D:9: 1902 daAuts
    D:10: 1899 daAuts
     D:5: 1804 daAuts
     D:6: 1527 daAuts
     D:4: 1511 daAuts
    D:13: 1419 daAuts
    D:11: 1136 daAuts
     D:1: 1116 daAuts
  Lair:3: 1108 daAuts
    D:12: 1041 daAuts
  Lair:6: 982 daAuts
     D:7: 928 daAuts
  Lair:4: 868 daAuts
     D:2: 816 daAuts
     D:8: 798 daAuts

Table legend:
 A = Kills in this place as a percentage of kills in entire the game.
 B = Kills by you in this place as a percentage of kills by you in the entire game.
 C = Kills by friends in this place as a percentage of kills by friends in the entire game.
 D = Other kills in this place as a percentage of other kills in the entire game.
 E = Experience gained in this place as a percentage of experience gained in the entire game.
 F = Experience gained in this place divided by the number of levels of this place that you have seen.
                   A       B       C       D       E      F
               +-------+-------+-------+-------+-------+----------------------
         Total | 100.0 | 100.0 | 100.0 |   N/A | 100.0 | 4114.1
       Dungeon |  65.2 |  65.1 |  66.7 |   N/A |  43.2 | 2600.2
          Lair |  34.8 |  34.9 |  33.3 |   N/A |  56.8 | 7394.2
               +-------+-------+-------+-------+-------+----------------------
